 Dungeon Crawl Stone Soup version 0.17.1-2-g5865329 (webtiles) character file.

22980 xeno23 the Infuser (level 12, -6/87 HPs)
             Began as a High Elf Skald on Jan 31, 2016.
             Was a Priest of the Shining One.
             Hit by a stone thrown by Maud (24 damage)
             ... on level 12 of the Dungeon.
             The game lasted 01:39:03 (15918 turns).

xeno23 the Infuser (High Elf Skald)                Turns: 15918, Time: 01:39:03

Health: -6/87      AC:  9    Str: 14    XL:     12   Next: 67%
Magic:  16/19      EV: 18    Int: 14    God:    the Shining One [***...]
Gold:   1021       SH:  5    Dex: 20    Spells: 4 memorised, 10 levels left

rFire  + . .     SeeInvis .     P - +1 long sword (freeze) (curse)
rCold  . . .     Clarity  .     U - troll hide
rNeg   + . .     SustAt   .     Z - +0 buckler {rF+}
rPois  .         Gourm    +     C - +1 helmet
rElec  .         Spirit   .     (no cloak)
rCorr  .         Warding  .     y - +2 pair of gloves
rMut   .         Rnd*Tele +     m - +0 pair of boots
MR     ++...                    u - amulet of the gourmand
Stlth  +.........               e - ring of protection from magic
                                K - ring of teleportation (curse)

@: lethally poisoned (-6 -> -7), shrouded (expiring), glowing, very resistant to
hostile enchantments, very unstealthy
A: thin skeletal structure 1, dopey 1, MP-powered wands
a: Divine Shield, Renounce Religion, Evoke Teleportation


You were on level 12 of the Dungeon.
You worshipped the Shining One.
The Shining One was most pleased with you.
You were very full.

You visited 3 branches of the dungeon, and saw 14 of its levels.
You also visited: Sewer.

You collected 1021 gold pieces.

Inventory:

Hand Weapons
 b - a +2 battleaxe of electrocution
 M - a +0 falchion of flaming
 P - a cursed +1 long sword of freezing (weapon)
 Q - a cursed +0 great sword
Missiles
 H - 6 needles of paralysis
Armour
 m - a +0 pair of boots (worn)
 y - a +2 pair of gloves (worn)
 C - a +1 helmet (worn)
 U - a troll hide (worn)
 Z - a +0 buckler of fire resistance (worn)
Jewellery
 a - a +3 ring of strength
 e - a ring of protection from magic (right hand)
 g - an uncursed ring of fire
 h - an uncursed ring of protection from magic
 u - an amulet of the gourmand (around neck)
 F - an uncursed ring of ice
 K - a cursed ring of teleportation (left hand)
 T - a +4 ring of intelligence
 W - an uncursed ring of poison resistance
Wands
 j - a wand of slowing (23)
 s - a wand of slowing (15)
 w - a wand of flame (22)
 z - a wand of teleportation (1)
 R - a wand of disintegration (12)
Scrolls
 k - 7 scrolls of teleportation
 p - 4 scrolls of amnesia
 G - 2 scrolls of enchant weapon
 I - 3 scrolls of immolation
 S - 8 scrolls of identify
 X - a scroll of magic mapping
 Y - a scroll of summoning
Potions
 i - 3 potions of resistance
 l - a potion of curing
 r - 2 potions of flight
 v - 5 potions of brilliance
 A - 2 potions of magic
 E - a potion of lignification
 L - 2 potions of invisibility
 O - 4 potions of haste
 V - 2 potions of agility
Books
 c - a book of Battle

   Spells                             Type                      Level
   a - Infusion                       Charms                       1
   b - Shroud of Golubria             Charms/Translocation         2
   c - Song of Slaying                Charms                       2
   d - Spectral Weapon                Hexes/Charms                 3
   e - Regeneration                   Charms/Necromancy            3
 q - a book of Annihilations

   Spells                             Type                      Level
   a - Poison Arrow                   Conjuration/Poison           6
   b - Chain Lightning                Conjuration/Air              8
   c - Lehudib's Crystal Spear        Conjuration/Earth            8
   d - Glaciate                       Conjuration/Ice              9
   e - Fire Storm                     Conjuration/Fire             9
 t - a book of Beasts

   Spells                             Type                      Level
   a - Summon Butterflies             Summoning                    1
   b - Call Canine Familiar           Summoning                    3
   c - Summon Ice Beast               Ice/Summoning                4
   d - Summon Mana Viper              Hexes/Summoning              5
   e - Summon Hydra                   Summoning                    7
 B - a book of Transfigurations

   Spells                             Type                      Level
   a - Stoneskin                      Transmutation/Earth          2
   b - Irradiate                      Conjuration/Transmutation    5
   c - Statue Form                    Transmutation/Earth          6
   d - Hydra Form                     Transmutation                6
   e - Dragon Form                    Transmutation                7
 J - a book of Ice

   Spells                             Type                      Level
   a - Ice Form                       Ice/Transmutation            4
   b - Metabolic Englaciation         Hexes/Ice                    5
   c - Ozocubu's Refrigeration        Ice                          6
   d - Bolt of Cold                   Conjuration/Ice              6
   e - Freezing Cloud                 Conjuration/Ice/Air          6
   f - Simulacrum                     Ice/Necromancy               6
Comestibles
 d - 9 bread rations
 f - 19 fruits
 o - 9 meat rations
 x - 7 slices of pizza
 D - 2 beef jerkies
 N - a royal jelly


   Skills:
 * Level 10.1 Fighting
 * Level 11.4 Long Blades
 + Level 6.0 Armour
 + Level 8.2 Dodging
 * Level 2.6 Shields
 - Level 4.1 Spellcasting
 + Level 6.4 Hexes
 * Level 11.5 Charms
 - Level 3.1 Translocations
 * Level 5.1 Invocations


You had 10 spell levels left.
You knew the following spells:

 Your Spells              Type           Power        Failure   Level  Hunger
a - Infusion              Chrm           #####.       1%          1    None
d - Shroud of Golubria    Chrm/Tloc      ###.......   2%          2    ##.....
e - Regeneration          Chrm/Necr      ###.......   10%         3    ###....
s - Spectral Weapon       Hex/Chrm       ####....     1%          3    ###....


Dungeon Overview and Level Annotations

Branches:
Dungeon (12/15)            Temple (1/1) D:4            Lair (1/8) D:10
    Orc (0/4) D:9

Altars:
Ashenzari
Cheibriados
Dithmenos
Elyvilon
Fedhas
Gozag
Kikubaaqudgha
Makhleb
Nemelex Xobeh
Okawaru
Qazlal
Ru
Sif Muna
Trog
Vehumet
Xom
Yredelemnul
Zin
The Shining One

Shops:
D:6 }   D:9 (

Annotations:
D:8 Erolcha
D:12 Maud


Innate Abilities, Weirdness & Mutations

You have a somewhat thin skeletal structure (Dex +2, Stealth).
You are dopey. (Int -2)
You expend magic power (3 MP) to strengthen your wands.


Message History

Which direction?
You close the door.
You feel sick. You block the killer bee's attack.
You block the killer bee's attack.
You slash the killer bee! You freeze the killer bee.
You kill the killer bee!
The killer bee completely misses you.
You hit the killer bee. You freeze the killer bee.
The killer bee is heavily wounded.
Your shroud begins to fray at the edges.
You feel sick. The killer bee misses you.
The orc priest invokes the aid of Beogh against you.
Something smites you!
* * * LOW HITPOINT WARNING * * *
The killer bee barely misses you.
You take 8 damage.
You closely miss the killer bee.
The killer bee is heavily wounded.
Your surroundings suddenly seem different.
Maud throws a stone.
The stone hits you!!
You die...

......# #......# ####..# #......#
# ...#..# #......# # ...+..#
#......# #
)..#.##########'########### #
.†)'.o.....l......>†..†.†.# #
..(###..y###.y.....######.# #
..)))o(oyy(+..@....'....#.#### #
.#####..C###.y..@..####.#....####
........(............>#.####.#...
#################..##.#.# #.#.##
#..##.#.####.#.# #..##.#......#.#
#..##.#.[#####.# #.....<......#.#
#.).#.#..###.#.# #...#........#.#


You could see Maud, a wyvern and 2 killer bees.

Vanquished Creatures
  A hydra (D:9)
  2 alligators (D:11)
  An unseen horror (D:11)
  Pikel (D:4)
  2 hill giants (D:11)
  An ugly thing (D:11)
  A cyclops (D:11)
  2 black mambas (D:11)
  Joseph (D:7)
  A spiny frog (Lair:1)
  A yaktaur (D:11)
  A two-headed ogre (D:11)
  3 slime creatures (D:11)
  Prince Ribbit (D:5)
  4 trolls
  3 blink frogs (Lair:1)
  A shadow (D:12)
  4 deep elf magi
  27 yaks
  A wyvern (D:8)
  3 basilisks
  Grum (D:8)
  2 hippogriffs
  A steam dragon (D:8)
  6 water moccasins
  2 wolves (D:8)
  A black bear (D:8)
  Purgy (Sewer)
  2 sky beasts
  2 orc warriors
  A phantom (D:8)
  4 slaves (D:4)
  4 porcupines (D:10)
  2 ice beasts
  6 ogres
  3 necrophages
  3 centaurs
  4 crocodiles
  9 giant frogs
  6 big kobolds
  2 gnoll sergeants (D:8)
  A water moccasin zombie (D:10)
  6 scorpions
  12 wights
  5 killer bees (D:12)
  3 crimson imps
  2 giant frog zombies
  3 centaur zombies
  2 quasits (D:11)
  12 hounds
  8 iguanas
  8 jellies
  6 orc wizards
  A giant frog skeleton (D:4)
  9 orc priests
  8 worker ants
  2 sheep (D:9)
  2 hell rats (D:11)
  4 hound skeletons
  A worker ant zombie (D:10)
  21 adders
  17 gnolls
  5 river rats
  3 shadow imps
  7 oozes
  3 worms (D:2)
  9 giant geckos
  43 orcs
  2 giant cockroaches
  8 hobgoblins
  8 jackals
  24 kobolds
  6 quokkas
  6 ball pythons
  2 bats
  A giant gecko skeleton (D:5)
  11 giant newts
  5 goblins
  A jackal skeleton (D:4)
  11 rats
  2 plants (D:8)
414 creatures vanquished.

Vanquished Creatures (others)
  An orc (D:9)
  24 spectral weapons
25 creatures vanquished.

Grand Total: 439 creatures vanquished

Notes
Turn   | Place    | Note
--------------------------------------------------------------
     0 | D:1      | xeno23 the High Elf Skald began the quest for the Orb.
     0 | D:1      | Reached XP level 1. HP: 14/14 MP: 4/4
   283 | D:1      | Reached XP level 2. HP: 2/20 MP: 1/6
   385 | D:1      | Learned a level 2 spell: Shroud of Golubria
   871 | D:2      | Found a blossoming altar of Fedhas.
  1342 | D:2      | Reached skill level 1 in Armour
  1399 | D:2      | Reached XP level 3. HP: 22/25 MP: 3/7
  1489 | D:2      | Learned a level 3 spell: Spectral Weapon
  2327 | D:3      | Found a radiant altar of Vehumet.
  2328 | D:3      | Found an iron altar of Okawaru.
  2765 | D:3      | Found a deep blue altar of Sif Muna.
  2878 | D:3      | Reached XP level 4. HP: 30/30 MP: 8/8
  3133 | D:4      | Found a staircase to the Ecumenical Temple.
  3139 | Temple   | Entered the Ecumenical Temple
  3253 | D:4      | Reached skill level 4 in Charms
  3401 | D:4      | Reached XP level 5. HP: 26/36 MP: 4/9
  3439 | D:4      | Found a glowing drain.
  3450 | Sewer    | Entered a sewer
  3499 | Sewer    | Noticed Purgy
  3526 | Sewer    | Killed Purgy
  3526 | Sewer    | Reached skill level 1 in Translocations
  3726 | D:4      | Noticed Pikel
  3726 | D:4      | Noticed a slave
  3726 | D:4      | Noticed a slave
  3726 | D:4      | Noticed a slave
  3726 | D:4      | Noticed a slave
  3757 | D:5      | Entered Level 5 of the Dungeon
  3822 | D:5      | Reached skill level 1 in Hexes
  3822 | D:5      | Reached XP level 6. HP: 41/43 MP: 5/11
  3841 | D:5      | Learned a level 3 spell: Regeneration
  3878 | D:5      | Noticed Prince Ribbit
  4164 | D:5      | Killed Prince Ribbit
  4164 | D:5      | Reached skill level 5 in Long Blades
  4164 | D:5      | Reached XP level 7. HP: 40/48 MP: 3/12
  4835 | D:6      | Reached XP level 8. HP: 42/54 MP: 3/14
  4931 | D:6      | Reached skill level 5 in Charms
  4946 | D:6      | Found a burning altar of Makhleb.
  4958 | D:6      | Reached skill level 5 in Fighting
  5081 | D:6      | Reached skill level 6 in Long Blades
  5129 | D:6      | Found Biowydie's Gadget Shoppe.
  6253 | D:4      | Killed a slave
  6455 | D:4      | Killed a slave
  6463 | D:4      | Killed a slave
  6481 | D:4      | Killed a slave
  6732 | D:4      | Gained mutation: You expend magic power (3 MP) to strengthen your wands. [potion of mutation]
  6732 | D:4      | Gained mutation: You have a somewhat thin skeletal structure (Dex +2, Stealth). [potion of mutation]
  6732 | D:4      | Gained mutation: You are dopey. (Int -2) [potion of mutation]
  6744 | D:4      | Killed Pikel
  6822 | D:7      | Reached XP level 9. HP: 43/60 MP: 8/16
  6890 | D:7      | Reached skill level 7 in Long Blades
  7231 | D:7      | Noticed Joseph
  7601 | D:7      | Killed Joseph
  7693 | D:8      | Found a glowing golden altar of the Shining One.
  7713 | D:8      | Became a worshipper of the Shining One
  7722 | D:8      | Fell from the grace of the Shining One
  7840 | D:8      | Noticed Erolcha
  7950 | D:8      | Reached skill level 5 in Dodging
  8005 | D:8      | Reached skill level 8 in Long Blades
  8202 | D:8      | Noticed Grum
  8557 | D:8      | Reached XP level 10. HP: 26/71 MP: 3/17
  9004 | D:8      | Found a sparkling altar of Nemelex Xobeh.
  9296 | D:8      | Killed Grum
  9708 | D:9      | Found Azumeava's Weapon Boutique.
 10199 | D:8      | Became a worshipper of the Shining One
 10326 | D:9      | Found an ancient bone altar of Kikubaaqudgha.
 10381 | D:9      | Found a staircase to the Orcish Mines.
 10553 | D:9      | Reached skill level 9 in Long Blades
 10784 | D:9      | Noticed a three-headed hydra
 10790 | D:9      | Killed a one-headed hydra
 11134 | D:10     | Entered Level 10 of the Dungeon
 11166 | D:10     | Reached skill level 5 in Armour
 11328 | D:10     | Reached * piety under the Shining One
 11378 | D:10     | Reached XP level 11. HP: 41/78 MP: 12/18
 11389 | D:10     | Reached skill level 5 in Hexes
 11399 | D:10     | Found a staircase to the Lair.
 12420 | D:10     | Reached skill level 10 in Charms
 12605 | D:11     | Noticed a hill giant
 12616 | D:11     | Killed a hill giant
 12616 | D:11     | Reached skill level 10 in Long Blades
 12762 | D:11     | Reached ** piety under the Shining One
 12828 | D:11     | Noticed an alligator
 13098 | Lair:1   | Entered Level 1 of the Lair of Beasts
 13124 | Lair:1   | Reached skill level 1 in Invocations
 13576 | Lair:1   | Noticed a five-headed hydra
 14410 | D:11     | Reached XP level 12. HP: 69/86 MP: 19/19
 14506 | D:11     | Noticed a hill giant
 14515 | D:11     | Reached skill level 11 in Charms
 14564 | D:11     | Killed a hill giant
 14634 | D:11     | Identified a scroll of acquirement
 14792 | D:11     | HP: 3/87 [ooze (5)]
 14914 | D:11     | Reached skill level 1 in Shields
 15277 | D:11     | Reached skill level 10 in Fighting
 15416 | D:11     | Killed an alligator
 15447 | D:11     | Noticed an alligator
 15459 | D:11     | Killed an alligator
 15717 | D:12     | Reached *** piety under the Shining One
 15756 | D:12     | Reached skill level 5 in Invocations
 15883 | D:12     | Noticed a hill giant
 15912 | D:12     | Noticed Maud
 15918 | D:12     | Hit by a stone thrown by Maud

Action                   |  1- 3 |  4- 6 |  7- 9 | 10-12 || total
-------------------------+-------+-------+-------+-------++-------
Melee: Falchion          |   124 |   164 |   194 |    34 ||   516
       Whip              |       |       |     9 |    55 ||    64
       Mace              |       |       |   221 |   227 ||   448
       Battleaxe         |       |       |       |    27 ||    27
       Long sword        |       |       |       |   519 ||   519
 Cast: Infusion          |    19 |     6 |    10 |     3 ||    38
       Shroud of Golubri |     6 |    10 |    25 |    51 ||    92
       Spectral Weapon   |     2 |     8 |    46 |    99 ||   155
       Regeneration      |       |     1 |    12 |     8 ||    21
Invok: Renounce Religion |       |       |     1 |       ||     1
       Divine Shield     |       |       |       |     2 ||     2
Evoke: Wand              |       |       |       |     8 ||     8
  Use: Scroll            |     5 |     8 |     8 |    11 ||    32
       Potion            |       |     1 |     4 |     3 ||     8
 Stab: Sleeping          |     1 |     5 |     2 |       ||     8
       Distracted        |       |       |     1 |     3 ||     4
       Invisible         |       |       |     3 |       ||     3
  Eat: Chunk             |     9 |     6 |    33 |    38 ||    86
       Pizza             |       |     1 |       |       ||     1
